 Dungeon Crawl Stone Soup version 0.30-a0-1082-g70414cbcbb (webtiles) character file.

Game seed: 6833319276434245176

1629 Arzdou the Thaumaturge (level 8, -14/43 HPs)
             Began as a Deep Elf Fire Elementalist on Apr 15, 2023.
             Was a Follower of Vehumet.
             Killed from afar by Maggie (20 damage)
             ... with a bolt of fire
             ... on level 7 of the Dungeon.
             The game lasted 00:22:28 (6321 turns).

Arzdou the Thaumaturge (Deep Elf Fire Elementalist) Turns: 6321, Time: 00:22:28

Health: -14/43     AC:  2    Str:  5    XL:     8   Next: 65%
Magic:  7/23       EV: 13    Int: 29    God:    Vehumet [*.....]
Gold:   847        SH:  0    Dex: 15    Spells: 11/25 levels left

rFire   . . .      SeeInvis .    l - +0 sling
rCold   . . .      Faith    .    (no shield)
rNeg    . . .      Spirit   .    a - +0 robe
rPois   +          Reflect  .    (no helmet)
rElec   .          Rampage  .    i - -1 cloak "Eshrargh" {Regen+}
rCorr   .                        (no gloves)
Will    .....                    (no boots)
Stlth   ++                       (no amulet)
HPRegen 1.07/turn                q - ring of poison resistance
MPRegen 0.18/turn                u - +6 ring of intelligence

@: no status effects
A: no striking features
a: Renounce Religion


You were on level 7 of the Dungeon.
You worshipped Vehumet.
Vehumet was aware of your devotion.
You visited 1 branch of the dungeon, and saw 7 of its levels.
You also visited: Sewer.

You collected 847 gold pieces.

Inventory:

Hand Weapons
 l - a +0 sling (weapon)
Missiles
 I - a throwing net
Armour
 a - a +0 robe (worn)
 i - the -1 cloak "Eshrargh" (worn) {Regen+}
   (You found it on level 2 of the Dungeon)

   Regen:     It increases your rate of health regeneration.
 C - a +0 pair of boots
Jewellery
 q - a ring of poison resistance (left hand)
 u - a +6 ring of intelligence (right hand)
 E - a ring of see invisible
 H - a +6 ring of strength
Wands
 t - a wand of flame (35)
 A - a wand of mindburst (7)
Scrolls
 f - 2 scrolls of amnesia
 k - a scroll of acquirement
 o - a scroll of noise {unknown}
 p - 5 scrolls of teleportation
 s - a scroll of summoning {unknown}
 v - a scroll of enchant armour {unknown}
 z - a scroll of fog {unknown}
 B - 2 scrolls of fear
 F - a scroll of brand weapon {unknown}
Potions
 b - a potion of magic
 c - a potion of experience {unknown}
 d - 2 potions of flight
 e - a potion of mutation {unknown}
 g - 2 potions of degeneration {unknown}
 h - 2 potions of ambrosia {unknown}
 j - 3 potions of curing
 m - a potion of haste {unknown}
 n - a potion of invisibility {unknown}
 r - a potion of brilliance {unknown}
 w - a potion of cancellation {unknown}
 x - a potion of heal wounds {unknown}
 D - a potion of resistance {unknown}
 G - 3 potions of attraction {unknown}


   Skills:
 + Level 1.4 Fighting
 + Level 4.8 Ranged Weapons
 + Level 3.5 Dodging
 + Level 3.5 Stealth
 + Level 0.9 Unarmed Combat
 + Level 9.0 Spellcasting
 + Level 1.1 Conjurations
 + Level 0.1 Hexes
 + Level 2.2 Translocations
 + Level 7.7 Fire Magic
 + Level 0.5 Ice Magic


You had 11 spell levels left.
You knew the following spells:

 Your Spells              Type           Power      Damage    Failure   Level
a - Foxfire               Conj/Fire      100%       2x1d9     1%          1
b - Scorch                Fire           100%       2d9       1%          2
c - Volatile Blastmotes   Fire/Tloc      84%        2d17      1%          3
d - Inner Flame           Hex/Fire       36%        N/A       2%          3
e - Freeze                Ice            64%        1d7       3%          1
f - Flame Wave            Conj/Fire      38%        2d10      7%          4

Your spell library contained the following spells:

 Spells                   Type           Power      Damage    Failure   Level
 Shock                    Conj/Air       64%        1d7       3%          1
 Vhi's Electric Charge    Tloc/Air       38%        N/A       8%          3
 Swiftness                Air            13%        N/A       12%         3
 Airstrike                Air            6%         2d(1-17)  38%         4
 Arcjolt                  Conj/Air       8%         1d18      65%         5
 Maxwell's Capacitive Co  Air            6%         ∞         100%        8


Dungeon Overview and Level Annotations

Branches:
Dungeon (7/15)             Temple (0/1) D:5           Sewer (visited)

Altars:
Ashenzari
Fedhas
Nemelex Xobeh
Ru
Sif Muna
Vehumet
Yredelemnul
Zin
The Shining One

Shops:
D:1 !   D:4 [

Annotations:
D:6 Eustachio
D:7 Maggie


Message History

Maggie is heavily wounded.
The flame wave engulfs the bat zombie!
You destroy the bat zombie!
Vehumet accepts your kill.
You finish channelling waves of flame.
A bat skeleton comes into view.
Maggie gestures wildly while chanting.
Maggie draws you further into her thrall.
Maggie casts a spell.
Maggie draws you further into her thrall.
Maggie misses you.
Casting: Flame Wave (quite dangerous; 7% risk of failure)
Confirm with . or Enter, or press ? or * to list all spells.
The spell is quite dangerous to miscast (7% risk of failure)!
Continue anyway?
Casting: Flame Wave (quite dangerous; 7% risk of failure)
Press: ? - help, Dir - look around, f - activate A wave of flame ripples out!
The flame wave engulfs Maggie!
Maggie is severely wounded. (Press . to intensify the flame waves.) Maggie hits you with a +0 morningstar!
A wave of flame ripples out!
The flame wave engulfs Maggie but does no damage.
Maggie is severely wounded.
The flame wave engulfs the bat skeleton!
You destroy the bat skeleton!
Vehumet accepts your kill. Maggie hits you with a +0 morningstar!
A wave of flame ripples out!
The flame wave engulfs Maggie.
Maggie is severely wounded.
You finish channelling waves of flame.
Maggie gestures at you while chanting. The bolt of fire hits you!!
Ouch! That really hurt!
* * * LOW HITPOINT WARNING * * *
As you read the scroll of fear, it crumbles to dust.
You assume a fearsome visage.
Maggie looks frightened!
You are no longer entranced.
Maggie casts a spell at you. The bolt of fire hits you!!
You die...

.............#
#.Z# ⌠ #..#
..).....##.#.#
.#.#.#.#.#
..#.######.#.##
@⌠.#.⌠.# ..#.#
#....# .....#
..#.# ####.#
##'''# ..#.#
#.# ##....#
.##.####### #.#
#..####
..........#
#.###@##
....#####.#
#...@.#
.##.#####.#
#####.#
....>..##.#
#..>
.##.##.##.#
#####
###.##.##.#
###.......##
....##.#...#
.#####.....#
.#######..<#


You could see Maggie (fleeing).

Vanquished Creatures
  Sigmund (D:5)
  Edmund (D:6)
  A water moccasin (D:4)
  Pargi (Sewer)
  An orc warrior (D:6)
  An ice beast (D:7)
  An ogre (D:5)
  A kobold brigand (D:7)
  Blork the orc (D:4)
  2 phantoms (D:5)
  2 scorpions
  A howler monkey (D:6)
  A jelly (D:7)
  3 orc priests (D:5)
  2 hounds
  2 iguanas
  3 orc wizards
  4 adders
  3 shadow imps
  2 white imps
  A dart slug (D:5)
  13 orcs
  11 ball pythons
  A bat skeleton (D:7)
  5 bat zombies (D:7)
  4 endoplasms
  A giant cockroach (D:5)
  4 goblins
  5 hobgoblins
  3 jackals (D:4)
  19 kobolds
  3 quokkas
  3 bats
  5 frilled lizards
  5 rats
117 creatures vanquished.

Vanquished Creatures (others)
  An orc priest (D:5)
  17 foxfires
18 creatures vanquished.

Grand Total: 135 creatures vanquished

Notes
Turn   | Place    | Note
-------+----------+-------------------------------------------
     0 | D:1      | Arzdou the Deep Elf Fire Elementalist began the quest for
                  | the Orb.
     0 | D:1      | Reached XP level 1. HP: 10/10 MP: 6/6
     2 | D:1      | Found Zodacuo's Distillery.
   103 | D:1      | Found a faded altar of an unknown god.
   450 | D:1      | You fall into a shaft and drop 1 floor!
   475 | D:2      | Reached XP level 2. HP: 15/15 MP: 5/8
   478 | D:2      | Learned a level 2 spell: Scorch
   610 | D:2      | Identified the -1 cloak "Eshrargh" {Regen+}
   803 | D:2      | Reached XP level 3. HP: 19/19 MP: 5/10
  1446 | D:3      | Found a broken altar of Ashenzari.
  1651 | D:3      | Found a basalt altar of Yredelemnul.
  1963 | D:4      | Found Gizemp's Armour Emporium.
  1969 | D:4      | Reached skill level 4 in Spellcasting
  1969 | D:4      | Reached XP level 4. HP: 17/24 MP: 4/12
  2038 | D:4      | Identified 2 scrolls of acquirement
  2038 | D:4      | Acquired 564 gold pieces
  2050 | D:4      | Found a sparkling altar of Nemelex Xobeh.
  2200 | D:4      | Found a radiant altar of Vehumet.
  2208 | D:4      | Became a worshipper of Vehumet
  2236 | D:4      | Noticed Blork the orc
  2348 | D:4      | Reached XP level 5. HP: 22/28 MP: 9/14
  2407 | D:4      | Killed Blork the orc
  2408 | D:4      | Reached skill level 5 in Spellcasting
  2490 | D:4      | Noticed a water moccasin
  2623 | D:3      | Reached skill level 1 in Ranged Weapons
  2623 | D:3      | Reached skill level 5 in Fire Magic
  2898 | D:4      | Killed a water moccasin
  2899 | D:4      | Reached XP level 6. HP: 23/33 MP: 7/16
  2979 | D:5      | Entered Level 5 of the Dungeon
  2979 | D:5      | Found a glowing drain.
  2979 | D:5      | Found a shimmering blue altar of Sif Muna.
  3003 | Sewer    | Entered a sewer
  3163 | Sewer    | Noticed Pargi
  3169 | Sewer    | Killed Pargi
  3170 | Sewer    | Reached skill level 1 in Fighting
  3170 | Sewer    | Reached skill level 6 in Spellcasting
  3276 | Sewer    | Learned a level 3 spell: Volatile Blastmotes
  3280 | Sewer    | Learned a level 3 spell: Inner Flame
  3424 | D:5      | Reached XP level 7. HP: 14/38 MP: 5/18
  3609 | D:5      | Noticed Sigmund
  3844 | D:5      | Killed Sigmund
  3845 | D:5      | Reached skill level 7 in Spellcasting
  4034 | D:5      | Reached * piety under Vehumet
  4034 | D:5      | Offered knowledge of Freeze by Vehumet.
  4037 | D:5      | Reached skill level 1 in Translocations
  4127 | D:6      | Noticed Eustachio
  4224 | D:6      | Found a sacrificial altar of Ru.
  4244 | D:6      | Noticed Edmund
  4257 | D:6      | Killed Edmund
  4258 | D:6      | Reached skill level 8 in Spellcasting
  4319 | D:6      | Reached XP level 8. HP: 14/43 MP: 18/22
  4519 | D:6      | Found a glowing silver altar of Zin.
  4550 | D:6      | Found a blossoming altar of Fedhas.
  5107 | D:5      | Found a glowing golden altar of the Shining One.
  5199 | D:5      | Found a staircase to the Ecumenical Temple.
  5279 | D:5      | Learned a level 1 spell: Freeze
  5284 | D:5      | Learned a level 4 spell: Flame Wave
  5319 | D:5      | Found a shimmering blue altar of Sif Muna.
  5394 | D:5      | Found a glowing golden altar of the Shining One.
  5534 | D:5      | Found a staircase to the Ecumenical Temple.
  6079 | D:7      | Reached skill level 9 in Spellcasting
  6285 | D:7      | Noticed Maggie
  6321 | D:7      | Killed from afar by Maggie

Illustrated notes

Levels and vault maps discovered:
D:1:      minmay_arrival_four_houses, layout_basic, serial_shops, shop,
          hellmonk_ecumenical_altar_arch_garden
D:2:      layout_rooms
D:3:      wander_river, layout_rooms, mainiacjoe_overflow_catwalk,
          mainiacjoe_overflow_24_doors, bh_walls_and_bars
D:4:      layout_rooms, mainiacjoe_overflow_chevrons,
          mainiacjoe_overflow_small_starburst, serial_shops,
          nicolae_shop_temple_entry_statues_fountains, uniq_blork_the_orc
D:5:      layout_rooms, nicolae_tso_swordbearing_angel, general_overflow_altar,
          minmay_temple_entry_poolview, cheibrodos_sewer_entry_drain,
          lemuel_flamethrower_2, uniq_sigmund
D:6:      layout_rooms, mainiacjoe_overflow_six_doors_small,
          mainiacjoe_overflow_catch_the_wave, uniq_eustachio, uniq_edmund
D:7:      layout_loops_cross, kennysheep_vampire_church, uniq_maggie

Skill      XL: |  1  2  3  4  5  6  7  8 |
---------------+-------------------------+-----
Fire Magic     | 4 5 6 7 |  7.7
Stealth        | 3 |  3.5
Spellcasting   | 4 5 6 8 9 |  9.0
Dodging        | 3 |  3.5
Ranged Weapons | 2 3 4 |  4.8
Fighting       | 1 |  1.4
Translocations | 1 2 |  2.2
Unarmed Combat | |  0.9
Conjurations   | |  1.1
Hexes          | |  0.1
Ice Magic      | |  0.5

Action                     |  1- 3 |  4- 6 |  7- 9 || total
---------------------------+-------+-------+-------++-------
  Melee: Unarmed           |     9 |       |       ||     9
         Sling             |       |     1 |       ||     1
   Fire: Sling             |       |    22 |    23 ||    45
   Cast: Foxfire           |     7 |     3 |       ||    10
         Scorch            |    40 |    40 |    43 ||   123
         Volatile Blastmot |       |     2 |    25 ||    27
         Inner Flame       |       |       |     1 ||     1
         Freeze            |       |       |     6 ||     6
         Flame Wave        |       |       |     2 ||     2
    Use: Scroll            |       |     6 |     4 ||    10
   Stab: Sleeping          |     1 |       |       ||     1
 Armour: Robe              |     8 |     5 |     7 ||    20
  Dodge: Dodged            |    16 |    39 |    44 ||    99

Table legend: (Time is in decaauts)
 A = Elapsed time spent in this place.
 B = Non-inter-level travel time spent in this place.
 C = Inter-level travel time spent in this place.
 D = Time resting spent in this place.
 E = Time spent auto-exploring this place.
 F = Levels seen in this place.
 G = Mean time per level.
                   A        B        C        D        E       F      G
               +--------+--------+--------+--------+--------+-----+--------+
         Total |   6353 |   6074 |    279 |    268 |   4296 |   8 |  794.1 |
       Dungeon |   6063 |   5784 |    279 |    268 |   4064 |   7 |  866.1 |
         Sewer |    290 |    290 |      0 |      0 |    232 |   1 |  290.0 |
               +--------+--------+--------+--------+--------+-----+--------+

Top non-repeatable levels by time:
     D:5: 1634 daAuts
     D:4: 1158 daAuts
     D:2: 850 daAuts
     D:6: 803 daAuts
     D:3: 733 daAuts
     D:1: 450 daAuts
     D:7: 432 daAuts
   Sewer: 290 daAuts
